 Dungeon Crawl Stone Soup version 0.21.1-1-g345015f (webtiles) character file.

198 rlgrobin the Skirmisher (level 5, -1/43 HPs)
             Began as a Barachi Fighter on Feb 6, 2018.
             Slain by Duvessa
             ... wielding a +0 rapier
              (6 damage)
             ... on level 4 of the Dungeon.
             The game lasted 00:09:39 (3657 turns).

rlgrobin the Skirmisher (Barachi Fighter)           Turns: 3657, Time: 00:09:39

Health: -1/43      AC:  9    Str: 18 (20) XL:     5   Next: 77%
Magic:  5/5        EV:  9    Int: 10 (13) God:
Gold:   116        SH:  6    Dex: 11 (12) Spells: 4/4 levels left

rFire    . . .     SeeInvis .   i - +0 whip
rCold    . . .     Gourm    .   g - +1 buckler
rNeg     . . .     Faith    +   b - +0 scale mail
rPois    .         Spirit   .   j - +2 hat
rElec    .         Reflect  .   (no cloak)
rCorr    .         Harm     .   (no gloves)
MR       .....                  (no boots)
Stlth    ..........             m - amulet of faith {!P}
HPRegen  0.14/turn              (no ring)
MPRegen  0.09/turn              (no ring)

@: brilliant, lethally poisoned (-1 -> -7), slow
A: +LOS, swims, talons 1, slowness 1, strong 1, MP-powered wands, strong legs 1
a: Hop


You were on level 4 of the Dungeon.
You were hungry.

You visited 1 branch of the dungeon, and saw 4 of its levels.

You collected 116 gold pieces.


Innate Abilities, Weirdness & Mutations

Shadows flee at your approach. (+LOS)
You can swim through water.
You cover ground slowly.
You can hop short distances.
You have sharp toenails.
Your muscles are strong. (Str +2)
You expend magic power (3 MP) to strengthen your wands.


   Skills:
 + Level 4.9 Fighting
 + Level 3.6 Maces & Flails
 + Level 4.9 Armour
 + Level 4.4 Shields


You had 4 spell levels left.
You didn't know any spells.

Inventory:

Hand Weapons
 a - a +0 flail
 i - a +0 whip (weapon)
Armour
 b - a +0 scale mail (worn)
 c - a +0 shield
 g - a +1 buckler (worn)
 j - a +2 hat (worn)
 p - a +0 pair of gloves
Jewellery
 m - an amulet of faith (around neck) {!P}
Scrolls
 e - a scroll of enchant armour
 h - 3 scrolls of teleportation {unknown}
Potions
 s - a potion of degeneration {!q}
 v - a potion of invisibility
Comestibles
 f - 5 rations

Dungeon Overview and Level Annotations

Branches:
Dungeon (4/15)
 Temple: D:4-7

Altars:
Okawaru
Ru
Sif Muna

Annotations:
D:4 Dowan, Duvessa

.. .. .▒▒ ▒.. .. ▒ .▒
▒. ▒▒.▒ ▒. ▒.e▒
▒.▒▒▒F▒▒ ▒▒▒▒▒..▒.e▒▒
▒..........▒▒ ▒
............▒▒ .▒
.............▒▒▒.▒▒▒
...................▒
.............?...%.▒
.....................▒
...................▒▒▒


You could see Duvessa and Dowan.


Message History

You feel sick!
Duvessa hits you with a rapier!!! * * * don't die
* * * Dowan hits you but does no damage!
Duvessa hits you but does no damage!
Your magical contamination has completely faded away!
You take 12 damage, and have 10/43 hp!
MASSIVE DAMAGE!!!!!!
Unknown command!
You punish Dowan, causing immense pain!
Dowan is heavily wounded!
Duvessa hits you with a rapier! * * * don't die
* * * You block Dowan's attack!
You take 1 damage, and have 9/43 hp!
It was a potion of degeneration!
There was something very wrong with that liquid!
You feel weakened!
You feel dopey!
You feel clumsy!
You feel sick!
Duvessa hits you with a rapier! * * * don't die
* * * Dowan hits you but does no damage!
You take 4 damage, and have 5/43 hp!
It was a potion of mutation!
You feel extremely strange!
You feel stronger!
You feel your magical essence link to your wands!
Your toenails lengthen and sharpen! * * * don't die
* * * You feel sick!
You block Duvessa's attack! Dowan hits you but does no damage!
Duvessa closely misses you!
It was a potion of brilliance!
You feel clever all of a sudden! Duvessa hits you with a rapier! rip

Action                   |  1- 3 |  4- 6 || total
-------------------------+-------+-------++-------
Melee: Flail             |    62 |       ||    62
       Whip              |    21 |   375 ||   396
 Abil: Hop               |     1 |       ||     1
  Use: Potion            |     1 |     6 ||     7
       Scroll            |       |     7 ||     7
  Eat: Chunk             |       |    10 ||    10
Armor: Scale mail        |    42 |   120 ||   162
Dodge: Dodged            |    37 |   145 ||   182
Block: Shield            |    10 |       ||    10
       Buckler           |    23 |    71 ||    94

Vault maps used:
D:1:      sevenhm_arrival_forest_fort_small_6, minmay_misc_feat_encased
D:2:      lemuel_blue_sif_altar, nicolae_ru_the_path_less_chosen, uniq_robin,
          uniq_jessica
D:4:      grunt_temple_overflow_open, lemuel_round_altar,
          minmay_temple_entry_butterflies, first_ration, uniq_edmund,
          uniq_duvessa, uniq_blork_the_orc

Notes
Turn   | Place    | Note
-------+----------+-------------------------------------------
     0 | D:1      | rlgrobin the Barachi Fighter began the quest for the Orb.
     0 | D:1      | Reached XP level 1. HP: 18/18 MP: 1/1
     1 | D:1      | Found an iron altar of Okawaru.
   138 | D:1      | Reached XP level 2. HP: 25/25 MP: 2/2
   345 | D:1      | Reached skill level 4 in Armour
   374 | D:1      | Reached skill level 4 in Fighting
   388 | D:1      | Reached XP level 3. HP: 30/30 MP: 3/3
  1017 | D:2      | Noticed Jessica
  1036 | D:2      | Killed Jessica
  1036 | D:2      | Reached skill level 3 in Maces & Flails
  1036 | D:2      | Reached XP level 4. HP: 22/37 MP: 4/4
  1746 | D:2      | Reached skill level 4 in Shields
  1855 | D:2      | Found a sacrificial altar of Ru.
  1964 | D:2      | Found a deep blue altar of Sif Muna.
  2114 | D:2      | Noticed Robin
  2122 | D:2      | Killed Robin
  2346 | D:2      | Reached XP level 5. HP: 39/43 MP: 5/5
  3608 | D:4      | Noticed Dowan
  3610 | D:4      | Noticed Duvessa
  3656 | D:4      | Gained mutation: Your muscles are strong. (Str +2) [potion of mutation]
  3656 | D:4      | Gained mutation: You expend magic power (3 MP) to strengthen your wands. [potion of mutation]
  3656 | D:4      | Gained mutation: You have sharp toenails. [potion of mutation]
  3657 | D:4      | Slain by Duvessa

Vanquished Creatures
  Jessica (D:2)
  A worker ant (D:4)
  Robin (D:2)
  4 adders
  An ooze (D:3)
  5 worms
  4 dart slugs
  2 leopard geckos
  An orc (D:3)
  8 giant cockroaches
  10 goblins
  9 hobgoblins
  7 jackals
  3 quokkas (D:2)
  7 bats
  5 frilled lizards
  9 kobolds
  5 rats
83 creatures vanquished.
